 Dungeon Crawl Stone Soup version 0.28-a0-1555-g9ae15a6949 (webtiles) character file.

Game seed: 4515131472214101718

23 Pin the Chopper (level 2, 26/26 HPs)
             Began as a Hill Orc Monk on Jan 19, 2022.
             Was a Believer of Qazlal.
             Quit the game on level 1 of the Dungeon.
             The game lasted 00:01:49 (892 turns).

Pin the Chopper (Hill Orc Monk)                      Turns: 892, Time: 00:01:49

Health: 26/26      AC:  6    Str: 13    XL:     2   Next: 95%
Magic:  2/2        EV: 11    Int: 10    God:    Qazlal [**....]
Gold:   14         SH:  3    Dex: 13    Spells: 1/1 levels left

rFire   + . .      SeeInvis .   a - +0 hand axe
rCold   . . .      Faith    .   (no shield)
rNeg    . . .      Spirit   .   g - +0 ring mail
rPois   .          Reflect  .   f - +0 helmet
rElec   .          Harm     .   (no cloak)
rCorr   .          Rampage  .   (no gloves)
Will    +....                   (no boots)
Stlth   +.........              (no amulet)
HPRegen 0.08/turn               d - ring of willpower
MPRegen 0.08/turn               c - ring of protection from fire

@: no status effects
A: no striking features
a: Renounce Religion, Upheaval


You were on level 1 of the Dungeon.
You worshipped Qazlal.
Qazlal was pleased with you.
You visited 1 branch of the dungeon, and saw 1 of its levels.

You collected 14 gold pieces.

Inventory:

Hand Weapons
 a - a +0 hand axe (weapon)
Armour
 f - a +0 helmet (worn)
 g - a +0 ring mail (worn)
Jewellery
 c - a ring of protection from fire (right hand)
 d - a ring of willpower (left hand)
Scrolls
 b - a scroll of silence {unknown}
 e - a scroll of identify {unknown}


   Skills:
 - Level 3.6 Fighting
 - Level 4.0 Axes
 + Level 2.7 Armour
 - Level 2.4 Dodging
 - Level 1.5 Stealth


You had one spell level left.
You didn't know any spells.
Your spell library was empty.

Dungeon Overview and Level Annotations

Branches:
Dungeon (1/15)

Altars:
Qazlal


Message History

No target in view!
No target in view!
No target in view!
No target in view!
No target in view!
No target in view!
No target in view!
No target in view!
No target in view!
No target in view!
No target in view!
No target in view!
No target in view!
Things that are here:
a bat corpse; a giant cockroach corpse
Things that are here:
a +0 dagger; a kobold corpse
Things that are here:
a +0 dagger; a kobold corpse
There is an open door, spattered with blood here.
There is an open door, spattered with blood here.
You open the door.
There is an open door here.
You open the door.
There is an open door here.
You see here a frilled lizard corpse.
You open the door.
Found a faded altar of an unknown god.
There is an open door here.
Press: ? - help, v - describe, . - travel
Here: a ynoxinul (petrified, fire blocked by a translucent stone wall)
The floor.
There is a faded altar of an unknown god here.
You cannot tell which god this altar belongs to.
Convert to them anyway?
Qazlal accepts your prayer! Qazlal welcomes you!
You are now surrounded by a storm.
You can now call upon nature to destroy your foes.
Qazlal grants you and your divine allies immunity to clouds.
Are you sure you want to abandon this character and quit the game? (Confirm with "yes".)

#..........# #######...P.P....#
#.......###'###..#
#.#####.#8...8#..# #.#
#.#.###.#..# #.### #.#.#3#.#..#
#...# #.#.###.#..# ###.#
#.#8...8#..###########
########.###.###@###.............
.......#.##....###...############
######.#........................#
#####....#######.#.##........##.#
.##.'....#.....#.#.##........##..
.##.#....#.###.#.#.##........####
.................................
#####.#######....#.##.##.........
# #......#.......#.##.##.......##


You could see a ynoxinul (petrified).

Vanquished Creatures
  2 bats (D:1)
  2 endoplasms (D:1)
  3 giant cockroaches (D:1)
  A goblin (D:1)
  4 hobgoblins (D:1)
  A kobold (D:1)
  2 ball pythons (D:1)
  4 frilled lizards (D:1)
  A rat (D:1)
20 creatures vanquished.

Notes
Turn   | Place    | Note
-------+----------+-------------------------------------------
     0 | D:1      | Pin the Hill Orc Monk began the quest for the Orb.
     0 | D:1      | Reached XP level 1. HP: 19/19 MP: 1/1
    78 | D:1      | Reached skill level 1 in Armour
   152 | D:1      | Reached XP level 2. HP: 26/26 MP: 2/2
   883 | D:1      | Found a faded altar of an unknown god.
   883 | D:1      | Noticed a ynoxinul
   891 | D:1      | Prayed at the altar of an unknown god.
   891 | D:1      | Became a worshipper of Qazlal Stormbringer
   891 | D:1      | Reached * piety under Qazlal
   891 | D:1      | Reached ** piety under Qazlal
   892 | D:1      | Quit the game

Illustrated notes

Levels and vault maps discovered:
D:1:      minmay_arrival_open_corners, layout_basic,
          dreamdust_ecumenical_altar_sealed_demon

Skill      XL: |  1  2 |
---------------+-------+-----
Armour         | 1 2 |  2.7
Fighting       | |  3.6
Axes           | |  4.0
Dodging        | |  2.4
Stealth        | |  1.5

Action                   || total
-------------------------++-------
Melee: Hand axe          ||    49
       Punch             ||     1
 Stab: Sleeping          ||     1
Armor: Robe              ||     3
       Ring mail         ||    10
Dodge: Dodged            ||    34

Table legend: (Time is in decaauts)
 A = Elapsed time spent in this place.
 B = Non-inter-level travel time spent in this place.
 C = Inter-level travel time spent in this place.
 D = Time resting spent in this place.
 E = Time spent auto-exploring this place.
 F = Levels seen in this place.
 G = Mean time per level.
                   A        B        C        D        E       F      G
               +--------+--------+--------+--------+--------+-----+--------+
         Total |    895 |    895 |      0 |    237 |    491 |   1 |  895.0 |
       Dungeon |    895 |    895 |      0 |    237 |    491 |   1 |  895.0 |
               +--------+--------+--------+--------+--------+-----+--------+

Top non-repeatable levels by time:
     D:1: 895 daAuts
